 Dungeon Crawl Stone Soup version 0.21-a0-442-g848f44b (webtiles) character file.

688 4thArraOfDagon the Insei (level 7, 0/52 HPs)
             Began as a Demonspawn Abyssal Knight on Nov 14, 2017.
             Was a Believer of Lugonu.
             Slain by a killer bee (8 damage)
             ... on level 7 of the Dungeon.
             The game lasted 00:11:04 (2225 turns).

4thArraOfDagon the Insei (DsAK)                     Turns: 2225, Time: 00:11:05

Health: 0/52       AC: 11    Str: 12    XL:     7   Next: 36%
Magic:  9/10       EV: 11    Int: 15    God:    Lugonu [**....]
Gold:   188        SH:  0    Dex: 13    Spells: 6/6 levels left

rFire    . . .     SeeInvis .     - Unarmed
rCold    . . .     Gourm    .   (no shield)
rNeg     + . .     Faith    .   c - +3 ring mail
rPois    .         Spirit   .   (no helmet)
rElec    .         Reflect  .   (no cloak)
rCorr    .         Harm     +   e - +0 pair of gloves
MR       .....                  (no boots)
Stlth    +.........             g - amulet of harm
HPRegen  0.17/turn              o - +2 ring of protection
MPRegen  0.12/turn              p - ring of positive energy

@: hasted, very quick
A: claws 1, foul stench 2, rot immunity
a: Depart the Abyss, Bend Space, Renounce Religion


You were on level 7 of the Dungeon.
You worshipped Lugonu.
Lugonu was pleased with you.
You were not hungry.

You visited 1 branch of the dungeon, and saw 7 of its levels.
You visited the Abyss 1 time.

You collected 188 gold pieces.

Inventory:

Missiles
 m - 2 javelins (quivered)
Armour
 a - a +0 leather armour
 c - a +3 ring mail (worn)
 e - a +0 pair of gloves (worn)
Jewellery
 g - an amulet of harm (around neck)
 h - an uncursed ring of ice
 k - an uncursed ring of fire
 o - a +2 ring of protection (left hand)
 p - a ring of positive energy (right hand)
Scrolls
 j - 2 scrolls of remove curse
 l - a scroll of identify
Potions
 n - a potion of flight
Comestibles
 b - 4 bread rations
 i - 2 meat rations


   Skills:
 - Level 3.0 Fighting
 - Level 2.0 Armour
 - Level 2.1 Dodging
 * Level 6.8 Unarmed Combat
 - Level 4.3 Invocations


You had 6 spell levels left.
You didn't know any spells.

Dungeon Overview and Level Annotations

Branches:
Dungeon (7/15)             Temple (0/1) D:4

Altars:
Yredelemnul

Annotations:
D:3 Slowdrip's ghost, amateur TeFE
D:6 melvinkitnick's ghost, novice GnFi


Innate Abilities, Weirdness & Mutations

You have sharp fingernails.
You frequently emit foul miasma when damaged in melee.
You are immune to rotting.


Message History

The killer bee buzzes angrily.
Unknown command.
Unknown command.
An adder comes into view.
The adder hisses angrily.
You hear a bark!
The killer bee closely misses you.
Found a ring mail.
Unknown command.
A quokka comes into view.
A hound comes into view.
Unknown command.
The killer bee closely misses you.
Unknown command.
Unknown command.
Unknown command.
Unknown command.
A phantom comes into view.
Unknown command.
The killer bee stings you!
You die...

........######.o...###.#
........# #y#...###.##
######### ###.#..o..?..#
###.y.####.....####
..#...#y# ##...##.<#
.......yy# #...#...#
.[....##.# +#...#..##
..h##.r.S####.....### ..
###..y@..W..........# .
###......♣.......##
#..............#
#####.....###.## .#...#.
#.. ..#...#. ### #...##
..


You could see a phantom, a killer bee, an adder and a quokka.

Vanquished Creatures
  Edmund (D:7)
  A phantom (D:7)
  A centaur (D:5)
  A bullfrog (D:6)
  A water moccasin skeleton (D:5)
  A crimson imp (D:5)
  An orc priest (D:3)
  A centaur skeleton (D:5)
  An orc wizard (D:7)
  3 worker ants
  A hound skeleton (D:5)
  2 gnolls
  3 adders
  A dart slug (D:1)
  10 orcs
  6 bats
  2 giant cockroaches (D:1)
  2 goblins
  5 hobgoblins
  4 jackals (D:1)
  4 kobolds
  3 frilled lizards
  A leopard gecko skeleton (D:4)
  A leopard gecko zombie (D:5)
  3 rats
60 creatures vanquished.

Vanquished Creatures (others)
  2 starspawn tentacles (Abyss:1)
2 creatures vanquished.

Grand Total: 62 creatures vanquished

Notes
Turn   | Place    | Note
-------+----------+-------------------------------------------
     0 | Abyss:1  | 4thArraOfDagon the Demonspawn Abyssal Knight began the quest for the Orb.
     0 | Abyss:1  | Reached XP level 1. HP: 18/18 MP: 2/2
    34 | Abyss:1  | Noticed a tentacled starspawn
    60 | Abyss:1  | Noticed a raiju
    60 | Abyss:1  | Noticed a hell hound
    61 | D:1      | Escaped the Abyss
    91 | D:1      | Reached skill level 1 in Dodging
   152 | D:1      | Reached skill level 2 in Unarmed Combat
   163 | D:1      | Gained mutation: You are immune to rotting. [demonic ancestry]
   163 | D:1      | Reached XP level 2. HP: 11/24 MP: 4/4
   171 | D:1      | Reached * piety under Lugonu
   486 | D:1      | Gained mutation: You may emit foul miasma when damaged in melee. [demonic ancestry]
   486 | D:1      | Reached XP level 3. HP: 18/29 MP: 5/5
   840 | D:3      | Found a basalt altar of Yredelemnul.
   920 | D:4      | Reached skill level 3 in Unarmed Combat
  1029 | D:4      | Found a staircase to the Ecumenical Temple.
  1068 | D:3      | Noticed Slowdrip's ghost (amateur TeFE)
  1136 | D:4      | Reached XP level 4. HP: 35/35 MP: 6/6
  1675 | D:5      | Entered Level 5 of the Dungeon
  1705 | D:5      | Gained mutation: You frequently emit foul miasma when damaged in melee. [demonic ancestry]
  1705 | D:5      | Reached XP level 5. HP: 37/41 MP: 6/8
  1715 | D:5      | Reached ** piety under Lugonu
  1715 | D:5      | Reached skill level 4 in Unarmed Combat
  1757 | D:5      | Noticed a centaur
  1785 | D:5      | Killed a centaur
  1785 | D:5      | Gained mutation: You have sharp fingernails. [demonic ancestry]
  1785 | D:5      | Reached XP level 6. HP: 33/47 MP: 9/9
  1853 | D:5      | Got an ancient robe
  1893 | D:5      | Reached skill level 5 in Unarmed Combat
  1923 | D:5      | Identified the +1 robe of Depression {Dex+3} (You found it on level 5 of the Dungeon)
  2028 | D:6      | Noticed an orc warrior
  2063 | D:6      | Noticed melvinkitnick's ghost (novice GnFi)
  2072 | D:6      | Noticed Edmund
  2105 | D:7      | Reached skill level 6 in Unarmed Combat
  2105 | D:7      | Reached XP level 7. HP: 31/52 MP: 10/10
  2122 | D:7      | Killed Edmund
  2124 | D:7      | HP: 2/52 [poisoned by a worker ant]
  2130 | D:7      | HP: 2/52 [poisoned by a worker ant]
  2136 | D:7      | HP: 1/52 [poisoned by a worker ant]
  2143 | D:7      | HP: 1/52 [poisoned by a worker ant]
  2193 | D:7      | RIP
  2225 | D:7      | Slain by a killer bee

Vault maps used:
D:1:      lightli_arrival_noodles
D:2:      good_gods_mini_temple, lemuel_blue_sif_altar
D:3:      fedhas_altar_1, lemuel_doored_altar, minmay_cut_off
D:4:      minmay_temple_entry_large_hall, first_bread
D:5:      zaba_anthole
D:6:      grunt_dithmenos_smoke_and_mirrors, uniq_edmund
D:7:      grunt_ministairs_6, grunt_ogre_cave

Skill      XL: |  1  2  3  4  5  6 |
---------------+-------------------+-----
Dodging        | 1 2 |  2.1
Unarmed Combat | 2 3 4 6 |  6.8
Armour         | 2 |  2.0
Invocations    | 3 4 |  4.3
Fighting       | |  3.0

Action                   |  1- 3 |  4- 6 |  7- 9 || total
-------------------------+-------+-------+-------++-------
Melee: Unarmed           |   228 |   142 |    18 ||   388
       Punch             |     1 |     1 |       ||     2
Throw: Javelin           |       |     2 |       ||     2
Invok: Depart the Abyss  |     1 |       |       ||     1
       Bend Space        |       |       |     2 ||     2
  Use: Scroll            |     8 |     2 |     1 ||    11
       Potion            |     2 |     2 |     1 ||     5
  Eat: Chunk             |     1 |     2 |       ||     3
       Royal jelly       |       |     2 |       ||     2
Armor: Leather armour    |     7 |       |       ||     7
       Ring mail         |   149 |    75 |     6 ||   230
Dodge: Dodged            |   170 |    71 |     9 ||   250

Table legend:
 A = Spawn XP
 B = Non-spawn XP
 C = Spawn XP percentage of total XP
 D = Spawn monster count
 E = Non-spawn monster count
 F = Spawn count percentage of total count
 G = Total turns spent on level
                    A         B        C        D         E        F      G
               +---------+---------+-------+---------+---------+-------+---------
         Total |       0 |     983 |   0.0 |       0 |      60 |   0.0 |  2225
               +---------+---------+-------+---------+---------+-------+---------
           D:1 |       0 |      48 |   0.0 |       0 |      20 |   0.0 |   552
           D:2 |       0 |      10 |   0.0 |       0 |       7 |   0.0 |   148
           D:3 |       0 |      63 |   0.0 |       0 |       7 |   0.0 |   238
           D:4 |       0 |      65 |   0.0 |       0 |       6 |   0.0 |   676
           D:5 |       0 |     330 |   0.0 |       0 |      11 |   0.0 |   348
           D:6 |       0 |      88 |   0.0 |       0 |       1 |   0.0 |    52
           D:7 |       0 |     379 |   0.0 |       0 |       8 |   0.0 |   150
               +---------+---------+-------+---------+---------+-------+---------
